General information
- name: BNet
- type: Ladder team game (AT/RT)
- host: Battle.net
- saver: OhHoney
map: MarketSquare
- players: 8
- length: 75:46
- speed: Fast
- version: 1.26 W3XP
- replay type: Public
» download(440 KB)
Players
team 1 (winner)

»
GEE-Q (
orange | 27 APM | 2074 actions | 75:46)
7 Priestess of the Moon
3 Searing Arrows
3 Trueshot Aura
1 Starfall
7 Dark Ranger
3 Silence
3 Black Arrow
1 Charm
» actions
| Basic commands | 122 | |
| Build / train | 108 | |
| Enter build submenu | 40 | |
| Enter hero's abilities submenu | 14 | |
| Give item / drop item | 3 | |
| Remove unit from queue | 6 | |
| Right click | 904 | |
| Select / deselect | 755 | |
| Use ability | 118 | |
2074 total
» units
| Wisp | 26 | |
| Huntress | 9 | |
| Dryad | 7 | |
| Hippogryph | 10 | |
| Archer | 11 | |
| Mountain Giant | 1 | |
64 total
» upgrades
| Moon Armor | 2 | |
| Strength of the Moon | 2 | |
| Abolish Magic | 1 | |
| Hippogryph Taming | 1 | |
| Improved Bows | 1 | |
| Strength of the Wild | 1 | |
| Reinforced Hides | 1 | |
9 total
» buildings
| Moon Well | 9 | |
| Altar of Elders | 1 | |
| Ancient of War | 1 | |
| Hunter's Hall | 1 | |
| Tree of Ages | 1 | |
| Ancient Protector | 9 | |
| Ancient of Lore | 1 | |
| Ancient of Wind | 2 | |
| Ancient of Wonders | 1 | |
| Tree of Life | 3 | |
29 total
» build order
00:21 Moon Well
00:33 Altar of Elders
01:25 Ancient of War
02:22 Hunter's Hall
02:40 Moon Well
02:59 Moon Well
03:47 Moon Well
04:15 Moon Well
05:17 Tree of Ages
06:20 Moon Well
06:45 Ancient Protector
07:17 Moon Well
08:43 Ancient of Lore
09:23 Ancient of Wind
09:37 Ancient of Wind
10:41 Ancient of Wonders
13:00 Moon Well
18:47 Moon Well
23:31 Tree of Life
23:35 Ancient Protector
23:38 Ancient Protector
25:14 Ancient Protector
30:26 Tree of Life
32:07 Ancient Protector
32:09 Ancient Protector
32:13 Ancient Protector
32:18 Ancient Protector
32:26 Ancient Protector
35:46 Tree of Ages
40:15 Tree of Life
» items
| Periapt of Vitality | 2 | |
| Scroll of Healing | 1 | |
| Circlet of Nobility | 1 | |
| Potion of Mana | 1 | |
| Potion of Lesser Invulnerability | 3 | |
| Moonstone | 1 | |
| Boots of Speed | 1 | |
| Scroll of Town Portal | 2 | |
12 total
YouWontLikeMeWh (
purple | 81 APM | 6170 actions | 75:46)
10 Blood Mage
3 Flame Strike
3 Banish
1 Summon Phoenix
3 Siphon Mana
9 Mountain King
3 Storm Bolt
3 Bash
1 Avatar
2 Thunder Clap
» actions
| Assign group hotkey | 75 | |
| Basic commands | 192 | |
| Build / train | 187 | |
| ESC pressed | 7 | |
| Enter build submenu | 60 | |
| Enter hero's abilities submenu | 19 | |
| Give item / drop item | 31 | |
| Remove unit from queue | 5 | |
| Right click | 2406 | |
| Select / deselect | 804 | |
| Select group hotkey | 2036 | |
| Use ability | 347 | |
6170 total
» units
| Peasant | 31 | |
| Footman | 7 | |
| Gryphon Rider | 5 | |
| Sorceress | 2 | |
| Dragonhawk Rider | 13 | |
58 total
» upgrades
| Masonry | 3 | |
| Lumber Harvesting | 2 | |
| Swords | 3 | |
| Armor | 3 | |
| Sorceress Training | 2 | |
| Animal War Training | 1 | |
| Magic Sentry | 1 | |
| Storm Hammers | 1 | |
| Cloud | 1 | |
| Backpack | 1 | |
| Plating | 3 | |
| Gunpowder | 3 | |
| Priest Training | 2 | |
26 total
» buildings
| Altar of Kings | 1 | |
| Farm | 18 | |
| Barracks | 1 | |
| Lumber Mill | 1 | |
| Town Hall | 3 | |
| Scout Tower | 23 | |
| Arcane Vault | 1 | |
| Guard Tower | 15 | |
| Keep | 3 | |
| Blacksmith | 1 | |
| Castle | 1 | |
| Gryphon Aviary | 4 | |
| Arcane Sanctum | 1 | |
73 total
» build order
00:03 Altar of Kings
00:07 Farm
00:11 Barracks
00:47 Farm
01:36 Farm
02:32 Lumber Mill
03:20 Town Hall
03:22 Scout Tower
03:24 Scout Tower
03:30 Arcane Vault
03:53 Guard Tower
04:20 Guard Tower
04:41 Scout Tower
04:43 Scout Tower
04:45 Scout Tower
04:47 Scout Tower
05:08 Guard Tower
05:10 Guard Tower
05:12 Guard Tower
05:21 Guard Tower
06:15 Keep
06:15 Keep
06:36 Scout Tower
06:38 Scout Tower
06:39 Scout Tower
07:11 Guard Tower
07:34 Guard Tower
07:36 Blacksmith
08:30 Scout Tower
08:30 Scout Tower
08:40 Castle
09:05 Guard Tower
09:05 Guard Tower
09:58 Gryphon Aviary
10:04 Gryphon Aviary
10:51 Arcane Sanctum
13:33 Farm
13:36 Farm
13:38 Farm
14:17 Town Hall
14:21 Scout Tower
14:22 Scout Tower
14:23 Scout Tower
14:25 Scout Tower
14:41 Farm
14:44 Farm
14:51 Farm
15:29 Guard Tower
15:30 Guard Tower
15:45 Guard Tower
17:11 Gryphon Aviary
17:17 Gryphon Aviary
18:49 Scout Tower
18:50 Scout Tower
18:52 Scout Tower
19:53 Guard Tower
20:04 Farm
24:14 Scout Tower
24:14 Scout Tower
24:15 Scout Tower
24:16 Scout Tower
24:18 Scout Tower
25:53 Guard Tower
46:25 Farm
46:26 Farm
46:27 Farm
46:28 Farm
46:29 Farm
47:33 Farm
47:34 Farm
48:46 Farm
51:01 Town Hall
» items
| Scroll of Regeneration | 15 | |
| Potion of Invisibility | 3 | |
| Boots of Speed | 3 | |
| Staff of Teleportation | 3 | |
| Periapt of Vitality | 2 | |
| Lesser Clarity Potion | 15 | |
| Orb of Fire | 1 | |
| Scroll of Town Portal | 5 | |
| Potion of Healing | 1 | |
| Potion of Mana | 1 | |
| Circlet of Nobility | 1 | |
| Mechanical Critter | 6 | |
| Dust of Appearance | 2 | |
58 total

»
DragoonMaster (
green | 34 APM | 2082 actions | 61:41)
5 Lich
3 Frost Armor
1 Frost Nova
1 Dark Ritual
» actions
| Basic commands | 147 | |
| Build / train | 157 | |
| Enter build submenu | 63 | |
| Enter hero's abilities submenu | 5 | |
| Remove unit from queue | 5 | |
| Right click | 941 | |
| Select / deselect | 642 | |
| Use ability | 122 | |
2082 total
» units
| Acolyte | 35 | |
| Ghoul | 42 | |
| Obsidian Statue | 2 | |
| Necromancer | 5 | |
| Meatwagon | 3 | |
| Abomination | 3 | |
| Crypt Fiend | 3 | |
| Gargoyle | 10 | |
103 total
» upgrades
| Cannibalize | 1 | |
| Unholy Armor | 2 | |
| Necromancer Training | 1 | |
| Exhume Corpses | 1 | |
| Unholy Strength | 1 | |
| Skeletal Longevity | 1 | |
| Skeletal Mastery | 1 | |
| Ghoul Frenzy | 1 | |
| Disease Cloud | 1 | |
| Creature Carapace | 1 | |
| Web | 1 | |
| Creature Attack | 1 | |
| Burrow | 1 | |
14 total
» buildings
| Crypt | 5 | |
| Ziggurat | 33 | |
| Altar of Darkness | 3 | |
| Nerubian Tower | 7 | |
| Halls of the Dead | 3 | |
| Tomb of Relics | 2 | |
| Graveyard | 4 | |
| Slaughterhouse | 1 | |
| Temple of the Damned | 1 | |
| Spirit Tower | 17 | |
| Black Citadel | 1 | |
| Necropolis | 4 | |
81 total
» build order
00:29 Crypt
00:39 Ziggurat
00:42 Altar of Darkness
01:35 Nerubian Tower
03:16 Ziggurat
04:42 Ziggurat
05:11 Ziggurat
05:53 Ziggurat
06:03 Nerubian Tower
06:19 Ziggurat
06:29 Halls of the Dead
07:41 Tomb of Relics
08:08 Graveyard
09:56 Slaughterhouse
10:05 Temple of the Damned
10:09 Ziggurat
10:14 Spirit Tower
11:17 Ziggurat
14:53 Black Citadel
22:23 Ziggurat
22:24 Ziggurat
22:26 Ziggurat
22:28 Ziggurat
22:29 Ziggurat
23:59 Spirit Tower
26:00 Spirit Tower
26:04 Nerubian Tower
26:05 Spirit Tower
26:06 Spirit Tower
27:00 Necropolis
27:38 Spirit Tower
27:41 Spirit Tower
27:42 Spirit Tower
28:07 Spirit Tower
28:10 Spirit Tower
28:50 Ziggurat
28:50 Ziggurat
28:53 Ziggurat
28:54 Ziggurat
28:56 Ziggurat
28:58 Ziggurat
29:45 Altar of Darkness
29:54 Ziggurat
29:58 Nerubian Tower
30:17 Crypt
34:25 Nerubian Tower
36:32 Necropolis
37:19 Tomb of Relics
37:39 Ziggurat
37:41 Ziggurat
37:44 Ziggurat
37:47 Ziggurat
39:10 Nerubian Tower
39:29 Graveyard
40:03 Ziggurat
40:05 Ziggurat
41:20 Graveyard
41:40 Necropolis
43:12 Crypt
43:20 Spirit Tower
43:22 Spirit Tower
43:23 Spirit Tower
43:27 Ziggurat
43:39 Crypt
44:48 Halls of the Dead
44:56 Ziggurat
44:57 Ziggurat
44:58 Ziggurat
45:03 Ziggurat
45:04 Halls of the Dead
45:53 Nerubian Tower
45:54 Spirit Tower
45:56 Spirit Tower
46:25 Ziggurat
49:29 Altar of Darkness
50:59 Necropolis
51:02 Ziggurat
51:06 Spirit Tower
54:20 Crypt
54:41 Spirit Tower
55:35 Graveyard
» items
o0xd (
teal | 49 APM | 2163 actions | 44:25)
7 Blademaster
3 Wind Walk
3 Critical Strike
1 Bladestorm
» actions
| Assign group hotkey | 18 | |
| Basic commands | 2 | |
| Build / train | 70 | |
| Enter build submenu | 10 | |
| Enter hero's abilities submenu | 8 | |
| Give item / drop item | 2 | |
| Remove unit from queue | 17 | |
| Right click | 1622 | |
| Select / deselect | 193 | |
| Select group hotkey | 7 | |
| Use ability | 214 | |
2163 total
» units
» upgrades
| Ranged Weapons | 3 | |
| Liquid Fire | 1 | |
| Reinforced Defenses | 1 | |
5 total
» buildings
| Altar of Storms | 1 | |
| Orc Burrow | 8 | |
| Stronghold | 1 | |
| Voodoo Lounge | 1 | |
| War Mill | 2 | |
| Fortress | 1 | |
| Beastiary | 3 | |
17 total
» build order
00:14 Altar of Storms
00:22 Orc Burrow
02:39 Stronghold
02:42 Voodoo Lounge
02:51 Orc Burrow
03:03 Orc Burrow
03:08 Orc Burrow
03:18 War Mill
05:06 Fortress
06:08 Beastiary
06:10 Beastiary
06:12 Beastiary
06:18 Orc Burrow
15:10 War Mill
18:21 Orc Burrow
18:25 Orc Burrow
18:26 Orc Burrow
» items
| Circlet of Nobility | 1 | |
| Healing Salve | 2 | |
| Lesser Clarity Potion | 4 | |
| Orb of Lightning | 1 | |
| Potion of Healing | 1 | |
| Potion of Mana | 5 | |
| Scroll of Town Portal | 1 | |
15 total
team 2 (loser)

»
MartinBrodeur (
blue | 106 APM | 5362 actions | 50:44)
8 Beastmaster
3 Summon Quilbeast
3 Summon Hawk
1 Stampede
1 Summon Bear
7 Mountain King
3 Storm Bolt
3 Bash
1 Avatar
2 Lich
1 Frost Nova
1 Frost Armor
» actions
| Assign group hotkey | 798 | |
| Basic commands | 5 | |
| Build / train | 137 | |
| ESC pressed | 8 | |
| Enter build submenu | 39 | |
| Enter hero's abilities submenu | 18 | |
| Give item / drop item | 1 | |
| Remove unit from queue | 2 | |
| Right click | 2858 | |
| Select / deselect | 865 | |
| Select group hotkey | 474 | |
| Use ability | 156 | |
5362 total
» units
| Peasant | 18 | |
| Footman | 10 | |
| Rifleman | 14 | |
| Knight | 10 | |
| Acolyte | 6 | |
| Crypt Fiend | 2 | |
| Frost Wyrm | 5 | |
| Gargoyle | 6 | |
71 total
» upgrades
| Defend | 1 | |
| Plating | 3 | |
| Masonry | 3 | |
| Lumber Harvesting | 2 | |
| Swords | 3 | |
| Animal War Training | 2 | |
| Gunpowder | 2 | |
| Long Rifles | 1 | |
| Armor | 2 | |
| Magic Sentry | 1 | |
20 total
» buildings
| Barracks | 2 | |
| Farm | 11 | |
| Altar of Kings | 1 | |
| Arcane Vault | 1 | |
| Keep | 1 | |
| Blacksmith | 1 | |
| Scout Tower | 14 | |
| Arcane Tower | 2 | |
| Lumber Mill | 1 | |
| Guard Tower | 9 | |
| Castle | 1 | |
| Arcane Sanctum | 1 | |
| Town Hall | 2 | |
47 total
» build order
00:11 Barracks
00:20 Farm
01:07 Altar of Kings
01:57 Farm
03:11 Farm
03:37 Arcane Vault
04:43 Keep
04:59 Blacksmith
05:01 Farm
05:14 Scout Tower
05:45 Arcane Tower
06:42 Lumber Mill
06:49 Farm
08:05 Scout Tower
08:07 Scout Tower
08:08 Scout Tower
09:03 Guard Tower
09:13 Scout Tower
09:50 Guard Tower
09:52 Castle
09:53 Scout Tower
10:04 Farm
10:51 Guard Tower
10:57 Barracks
12:22 Farm
12:23 Farm
12:24 Farm
12:27 Farm
12:30 Farm
19:56 Arcane Sanctum
20:05 Scout Tower
20:05 Scout Tower
20:06 Scout Tower
20:08 Town Hall
20:12 Scout Tower
20:14 Scout Tower
20:16 Scout Tower
20:51 Guard Tower
20:53 Guard Tower
20:56 Guard Tower
21:00 Arcane Tower
21:01 Guard Tower
21:56 Guard Tower
32:23 Town Hall
36:31 Scout Tower
36:33 Scout Tower
39:41 Guard Tower
» items
| Scroll of Regeneration | 3 | |
| Lesser Clarity Potion | 4 | |
| Orb of Fire | 2 | |
| Potion of Healing | 2 | |
11 total
OhHoney (
red | 63 APM | 4742 actions | 75:46)
10 Blood Mage
3 Flame Strike
3 Siphon Mana
1 Summon Phoenix
3 Banish
» actions
| Assign group hotkey | 142 | |
| Basic commands | 330 | |
| Build / train | 129 | |
| Enter build submenu | 89 | |
| Enter hero's abilities submenu | 10 | |
| Give item / drop item | 8 | |
| Remove unit from queue | 1 | |
| Right click | 2310 | |
| Select / deselect | 647 | |
| Select group hotkey | 739 | |
| Use ability | 337 | |
4742 total
» units
| Peasant | 31 | |
| Footman | 9 | |
| Sorceress | 5 | |
| Gryphon Rider | 6 | |
| Dragonhawk Rider | 5 | |
56 total
» upgrades
| Defend | 1 | |
| Masonry | 3 | |
| Lumber Harvesting | 2 | |
| Sorceress Training | 1 | |
| Magic Sentry | 1 | |
| Swords | 3 | |
| Armor | 3 | |
| Animal War Training | 1 | |
| Storm Hammers | 1 | |
| Cloud | 1 | |
17 total
» buildings
| Altar of Kings | 1 | |
| Barracks | 3 | |
| Farm | 11 | |
| Scout Tower | 87 | |
| Arcane Tower | 2 | |
| Lumber Mill | 2 | |
| Arcane Vault | 1 | |
| Town Hall | 6 | |
| Blacksmith | 1 | |
| Keep | 1 | |
| Arcane Sanctum | 1 | |
| Guard Tower | 17 | |
| Castle | 1 | |
| Gryphon Aviary | 9 | |
143 total
» build order
00:46 Altar of Kings
00:48 Barracks
00:53 Barracks
00:55 Barracks
01:07 Farm
01:13 Farm
01:31 Farm
02:06 Scout Tower
02:10 Scout Tower
02:38 Arcane Tower
02:52 Farm
03:46 Lumber Mill
03:53 Arcane Vault
04:05 Farm
05:32 Town Hall
05:39 Scout Tower
05:39 Scout Tower
05:40 Scout Tower
05:42 Scout Tower
05:43 Scout Tower
05:47 Scout Tower
06:14 Blacksmith
07:20 Keep
09:50 Arcane Sanctum
11:05 Scout Tower
11:07 Scout Tower
11:08 Scout Tower
11:10 Scout Tower
11:10 Scout Tower
11:11 Scout Tower
11:11 Scout Tower
11:13 Scout Tower
11:13 Scout Tower
11:32 Guard Tower
12:08 Guard Tower
12:21 Guard Tower
12:27 Lumber Mill
13:21 Guard Tower
18:05 Scout Tower
18:05 Scout Tower
18:05 Scout Tower
18:06 Scout Tower
18:06 Scout Tower
18:09 Scout Tower
18:10 Scout Tower
18:10 Scout Tower
18:12 Scout Tower
18:18 Castle
18:55 Guard Tower
18:59 Town Hall
19:03 Scout Tower
19:04 Scout Tower
19:05 Scout Tower
19:08 Scout Tower
19:09 Scout Tower
19:13 Scout Tower
19:16 Guard Tower
19:35 Guard Tower
19:37 Guard Tower
21:09 Guard Tower
23:17 Scout Tower
23:17 Scout Tower
23:18 Scout Tower
23:19 Scout Tower
23:21 Scout Tower
23:21 Scout Tower
23:22 Scout Tower
23:22 Scout Tower
23:24 Scout Tower
24:14 Scout Tower
24:48 Gryphon Aviary
24:48 Gryphon Aviary
24:49 Gryphon Aviary
24:52 Gryphon Aviary
24:52 Gryphon Aviary
24:55 Gryphon Aviary
24:57 Gryphon Aviary
24:57 Gryphon Aviary
24:57 Gryphon Aviary
25:50 Guard Tower
27:27 Guard Tower
27:59 Scout Tower
28:00 Scout Tower
28:00 Scout Tower
29:29 Arcane Tower
30:48 Town Hall
30:53 Scout Tower
30:54 Scout Tower
31:17 Town Hall
31:19 Guard Tower
33:33 Scout Tower
33:34 Scout Tower
37:13 Guard Tower
45:29 Farm
45:30 Farm
45:30 Farm
45:30 Farm
45:31 Farm
55:14 Scout Tower
55:14 Scout Tower
55:15 Scout Tower
55:15 Scout Tower
55:16 Scout Tower
55:18 Scout Tower
55:18 Scout Tower
55:18 Scout Tower
55:19 Scout Tower
55:19 Scout Tower
55:21 Scout Tower
55:22 Scout Tower
55:22 Scout Tower
55:23 Scout Tower
55:23 Scout Tower
55:23 Scout Tower
55:24 Scout Tower
55:24 Scout Tower
55:24 Scout Tower
55:25 Scout Tower
55:27 Scout Tower
55:27 Scout Tower
55:27 Scout Tower
55:28 Scout Tower
55:29 Scout Tower
55:30 Scout Tower
55:31 Scout Tower
55:31 Scout Tower
55:33 Scout Tower
55:34 Scout Tower
55:35 Scout Tower
56:20 Guard Tower
57:02 Guard Tower
57:31 Guard Tower
59:08 Farm
59:11 Guard Tower
59:49 Town Hall
62:15 Town Hall
» items
| Potion of Healing | 4 | |
| Scroll of Regeneration | 2 | |
| Scroll of Town Portal | 8 | |
| Periapt of Vitality | 2 | |
| Staff of Teleportation | 1 | |
| Potion of Invisibility | 1 | |
| Potion of Lesser Invulnerability | 2 | |
| Scroll of Healing | 1 | |
| Lesser Clarity Potion | 1 | |
22 total
Igochims (
yellow | 23 APM | 1764 actions | 75:46)
9 Priestess of the Moon
3 Trueshot Aura
3 Searing Arrows
1 Starfall
2 Scout
1 Lich
1 Frost Nova
» actions
| Basic commands | 271 | |
| Build / train | 129 | |
| Enter build submenu | 26 | |
| Enter hero's abilities submenu | 10 | |
| Remove unit from queue | 2 | |
| Right click | 598 | |
| Select / deselect | 684 | |
| Use ability | 44 | |
1764 total
» units
| Wisp | 36 | |
| Archer | 10 | |
| Hippogryph | 28 | |
| Chimaera | 18 | |
| Frost Wyrm | 10 | |
| Crypt Fiend | 1 | |
103 total
» upgrades
| Strength of the Wild | 3 | |
| Reinforced Hides | 3 | |
| Corrosive Breath | 1 | |
| Well Spring | 1 | |
8 total
» buildings
| Moon Well | 9 | |
| Altar of Elders | 1 | |
| Ancient of War | 1 | |
| Tree of Ages | 2 | |
| Tree of Life | 8 | |
| Hunter's Hall | 1 | |
| Tree of Eternity | 2 | |
| Ancient of Wind | 1 | |
| Chimaera Roost | 3 | |
| Ancient of Wonders | 1 | |
| Ziggurat | 1 | |
30 total
» build order
00:59 Moon Well
01:20 Altar of Elders
01:29 Ancient of War
02:13 Moon Well
03:06 Moon Well
03:39 Tree of Ages
05:29 Tree of Life
05:36 Hunter's Hall
06:14 Tree of Eternity
06:29 Moon Well
06:34 Ancient of Wind
08:16 Moon Well
09:05 Chimaera Roost
09:08 Chimaera Roost
09:19 Chimaera Roost
09:23 Moon Well
10:18 Moon Well
11:25 Moon Well
14:47 Tree of Life
18:22 Tree of Life
20:44 Tree of Ages
22:15 Ancient of Wonders
22:43 Moon Well
23:05 Tree of Eternity
26:54 Tree of Life
29:19 Tree of Life
29:54 Tree of Life
32:07 Tree of Life
34:47 Tree of Life
42:31 Ziggurat
Flix743 (
pink | 18 APM | 484 actions | 26:13)
2 Lich
1 Frost Nova
1 Frost Armor
» actions
| Build / train | 48 | |
| Enter build submenu | 28 | |
| Enter hero's abilities submenu | 2 | |
| Remove unit from queue | 4 | |
| Right click | 162 | |
| Select / deselect | 216 | |
| Use ability | 24 | |
484 total
» units
| Acolyte | 22 | |
| Ghoul | 5 | |
| Crypt Fiend | 1 | |
| Frost Wyrm | 3 | |
31 total
» upgrades
| Creature Carapace | 3 | |
| Creature Attack | 3 | |
6 total
» buildings
| Crypt | 1 | |
| Altar of Darkness | 1 | |
| Ziggurat | 8 | |
| Tomb of Relics | 1 | |
| Graveyard | 1 | |
| Halls of the Dead | 1 | |
| Black Citadel | 1 | |
| Spirit Tower | 2 | |
| Sacrificial Pit | 2 | |
| Boneyard | 2 | |
20 total
» build order
00:20 Crypt
00:44 Altar of Darkness
01:09 Ziggurat
01:21 Ziggurat
01:35 Tomb of Relics
01:51 Graveyard
03:52 Halls of the Dead
05:47 Ziggurat
06:36 Ziggurat
07:02 Black Citadel
07:44 Ziggurat
08:20 Ziggurat
09:50 Spirit Tower
10:40 Sacrificial Pit
11:18 Ziggurat
11:49 Boneyard
11:55 Sacrificial Pit
12:09 Boneyard
12:16 Ziggurat
12:19 Spirit Tower
Chat log
(01:36 / All) OhHoney: I'm lost right now lozl
(01:49 / All) YouWontLikeMeWh: Market Square is a difficult map to get lost in
(01:56 / All) YouWontLikeMeWh: Not many forests like Dragon Falls
(06:05 / All) OhHoney: I'm playing so bad right now lawlz
(06:55 / Allies) OhHoney: let's creep mid
(09:48 / Allies) Igochims: lumber plz
(10:04 / Allies) Igochims: lumber plz
(10:50 / All) OhHoney: though thou art dead thine sacrifice shan't be forgotten
(11:22 / All) OhHoney: whoospie
(16:04 / Allies) Igochims: red
(16:05 / All) OhHoney: map hack?
(16:06 / Allies) Igochims: gold plz
(16:14 / Allies) Igochims: gold plz
(16:48 / All) OhHoney: LOL
(16:55 / Allies) Flix743: gold plz
(16:58 / All) OhHoney: fuck lol
(17:09 / Allies) Igochims: red give me gold
(17:47 / Allies) Igochims: share plz
(18:03 / Allies) Igochims: u have so much
(18:05 / Allies) Igochims: give plz
(18:33 / All) OhHoney: I lost my hero since I was going to my base to use reveal on teal's hero
(18:36 / Allies) Igochims: red
(18:39 / All) OhHoney: unfortunately I didn't use invul pot first lol!
(18:42 / Allies) Igochims: can u plz give me gold
(18:51 / Allies) OhHoney: you got expo bro
(18:58 / Allies) Igochims: u got 7k
(19:01 / Allies) Igochims: plz
(19:03 / Allies) MartinBrodeur: LOL
(20:00 / Allies) Flix743: need gold
(20:05 / Allies) Flix743: dont have mine
(20:38 / Allies) Igochims: red r u jewish?
(20:51 / All) OhHoney: that's incredibly offensive
(20:57 / All) OhHoney: SADfklasdjkldsj
(20:59 / Allies) Igochims: r u?
(21:00 / All) OhHoney: I tped
(21:09 / Allies) Igochims: u have so much gold and wont share
(21:13 / Allies) Flix743: hey blue
(21:16 / Allies) Flix743: middle
(21:23 / All) OhHoney: teal is so lucky
(21:31 / All) OhHoney: luckiest level 6 ever
(21:55 / Allies) Flix743: give me gold ..
(21:58 / Allies) Flix743: i cant do anything
(21:59 / Allies) Igochims: share gold and ill help
(22:01 / Allies) Igochims: more
(22:07 / Allies) Flix743: hey blue come
(23:55 / Allies) MartinBrodeur: B TO ME
(24:45 / Allies) Flix743: i need money..
(24:50 / Allies) OhHoney: wood
(24:59 / Allies) Flix743: i have 2885 wood
(25:02 / Allies) Flix743: but no gold
(25:12 / All) OhHoney: Teal you are dead...
(25:17 / All) OhHoney: lucky little bitch
(25:21 / All) o0xd: XD
(25:53 / Allies) OhHoney: WOOD
(25:53 / Allies) OhHoney: WOOD
(25:56 / Allies) OhHoney: wood for gold!
(25:57 / All) YouWontLikeMeWh: I lost only 1 dhawk btw
(26:01 / Allies) Flix743: FUCK U
(26:13 / All) YouWontLikeMeWh: Now your team has a higher chance of winning
(26:19 / Allies) MartinBrodeur: i gave u wood
(28:34 / All) o0xd: )
(28:38 / Allies) OhHoney: gold for griffs
(32:10 / Allies) OhHoney: wood
(32:13 / Allies) Igochims: red mooregold
(32:20 / Allies) OhHoney: wood me first
(32:31 / Allies) OhHoney: hang on a sec
(33:24 / Allies) Igochims: red gopld
(33:57 / Allies) Igochims: red gold me bro
(34:02 / Allies) OhHoney: hang on
(34:49 / Allies) Igochims: red plz
(35:22 / Allies) OhHoney: wait til I not micro
(36:28 / Allies) Igochims: red now
(36:29 / Allies) Igochims: plz
(36:49 / Allies) MartinBrodeur: can i have some gold rd plz ?
(37:07 / Allies) Igochims: RED!
(37:39 / All) OhHoney: BOLT
(37:42 / Allies) Igochims: red hurry
(37:43 / Allies) Igochims: plz
(38:00 / All) OhHoney: )
(38:29 / Allies) OhHoney: bolt priestess
(38:54 / All) YouWontLikeMeWh: free xp thank you sir
(39:02 / Allies) Igochims: RED PLZ
(39:26 / Allies) Igochims: gold me
(41:34 / Allies) OhHoney: bolt
(41:41 / All) OhHoney: )
(41:45 / All) o0xd: gg nice
(41:45 / All) OhHoney: cya
(41:54 / All) o0xd: purple is a son of bitch idiot
(41:57 / All) OhHoney: k
(42:02 / All) OhHoney: don't get a big head
(42:05 / All) YouWontLikeMeWh: Why am I an idiot?
(42:07 / All) YouWontLikeMeWh: I beat you 1v4
(42:09 / All) OhHoney: you didn't deserve to go past level 4 all game
(42:15 / All) YouWontLikeMeWh: Why?
(42:45 / All) o0xd: mk and bm can die but he suck this gay shit
(44:31 / All) Igochims: FUCK U RED
(44:32 / All) Igochims: JEW
(45:04 / All) OhHoney: Hey bro, my friend's uncle's barber's grandparents, all 16 of them died in Auschwitz
(45:10 / All) OhHoney: stop the anti-Semitism, it hits home
(45:11 / All) Igochims: STFU FAG
(45:18 / All) YouWontLikeMeWh: Too soon, my uncle died in a concentration camp
(45:22 / All) YouWontLikeMeWh: He fell off of the watch tower
(47:35 / Allies) MartinBrodeur: RED
(47:40 / Allies) MartinBrodeur: U RUIN THIS GAME
(47:42 / Allies) MartinBrodeur: F U
(47:46 / All) OhHoney: tell him to apolgize
(48:18 / All) OhHoney: tell them the rules IMO
(48:24 / All) Igochims: gg im afk
(48:26 / All) Igochims: reds a jew
(49:23 / All) YouWontLikeMeWh: You shouldn't have asked "can we win now" orange
(49:25 / All) OhHoney: someone made it real easy to creep bottom left red creep
(49:26 / All) YouWontLikeMeWh: You should apologise
(49:28 / All) YouWontLikeMeWh: No hero for you
(49:31 / All) GEE-Q: stfu
(49:32 / All) GEE-Q: fuckin loser
(49:44 / All) OhHoney: orb of frost bottom left
(49:46 / All) OhHoney: I already got one
(50:04 / All) OhHoney: teal must have left me exp tome
(50:05 / All) OhHoney: How nice
(53:30 / All) YouWontLikeMeWh: I didn't even have to backstab all game, other than orange's stuff
(53:35 / All) YouWontLikeMeWh: This was a pretty uneventful stab
(53:39 / All) OhHoney: this stand off is shaping up nicely
(53:59 / All) YouWontLikeMeWh: I suppose, but your team could have more people
(54:03 / All) YouWontLikeMeWh: Yellow is a faggot doubt he will stay
(54:15 / All) OhHoney: we should upload both sides probably
(54:24 / All) YouWontLikeMeWh: My side had no chat, no point
(54:26 / All) OhHoney: blue said I ruined game when I was using wyrms
(54:33 / All) OhHoney: my side was funny then
(54:43 / All) YouWontLikeMeWh: good, mine had basically no chat
(56:12 / All) OhHoney: green what did you think
(56:16 / All) OhHoney: when I showedu p out of nowhere
(58:29 / All) OhHoney: I think green map hacks lawl
(58:34 / All) YouWontLikeMeWh: Why?
(58:39 / All) YouWontLikeMeWh: He was absolute garbage if so
(58:42 / All) OhHoney: he's odd
(58:45 / All) YouWontLikeMeWh: I mean, he's bad without it, but with it...
(58:53 / All) OhHoney: did he unsummon everything
(59:00 / All) YouWontLikeMeWh: I guess
(59:04 / All) YouWontLikeMeWh: He is 225-235
(59:09 / All) YouWontLikeMeWh: Can't even maintain 50% with maphack
(59:15 / All) YouWontLikeMeWh: He tried to hide an aco in my base
(59:18 / All) YouWontLikeMeWh: I killed it with towers
(59:56 / All) OhHoney: and yellow's
(60:03 / All) OhHoney: he went afk
(60:21 / All) GEE-Q: im amazing
(60:26 / All) OhHoney: k
(60:28 / All) YouWontLikeMeWh: Oh really?
(60:36 / All) YouWontLikeMeWh: You are 1-0
(60:42 / All) GEE-Q: okay
(60:44 / All) YouWontLikeMeWh: 100% win rate, pro
(60:48 / All) OhHoney: Amazingly bad, ba dum bum tsch!
(60:51 / All) GEE-Q: im going to be 2-0
(60:53 / All) GEE-Q: lol
(61:19 / All) GEE-Q: plus i wouldve had units if purple was a prick
(61:21 / All) YouWontLikeMeWh: I was wondering why only Red Army Choir music was playing, forgot to set it to random. God damn VLC
(61:26 / All) GEE-Q: i woulda owned u with starfall
(61:32 / All) OhHoney: k
(61:34 / All) YouWontLikeMeWh: I could tp staff it
(61:42 / All) YouWontLikeMeWh: and he could 1 hit it
(61:47 / All) OhHoney: I could run walk a little bit away
(61:48 / All) YouWontLikeMeWh: Don't leave orange it's not over yet
(61:49 / All) OhHoney: get out of range
(61:56 / All) YouWontLikeMeWh: Everyone has an equal chance of winning
(62:03 / All) YouWontLikeMeWh: Red and I will kill everything, including our own stuff
(62:06 / All) YouWontLikeMeWh: and leave 2 buildings
(62:08 / All) YouWontLikeMeWh: Best internet wins
(62:10 / All) YouWontLikeMeWh: Sound fair?
(62:15 / All) GEE-Q: yup
(62:18 / All) YouWontLikeMeWh: Will both of you be willing to leave your computers on all night?
(62:21 / All) GEE-Q: id win
(62:23 / All) GEE-Q: im about to go out
(62:25 / All) GEE-Q: so ill leave it on
(62:26 / All) GEE-Q: lol
(62:30 / All) YouWontLikeMeWh: Alright, good man
(62:53 / All) YouWontLikeMeWh: I will give you 2 critters for some amusement
(63:11 / All) GEE-Q: no
(63:13 / All) GEE-Q: leave me like
(63:15 / All) GEE-Q: 100
(63:18 / All) GEE-Q: ill raise a farm
(63:26 / All) OhHoney: you aren't getting any units bro
(64:03 / All) GEE-Q: why are you guys losers
(64:07 / All) GEE-Q: ?
(64:19 / All) YouWontLikeMeWh: Yes
(64:21 / All) OhHoney: I don't see how we are
(64:24 / All) GEE-Q: why do you do all this
(64:26 / All) GEE-Q: lol
(64:28 / All) GEE-Q: its so weird
(64:29 / All) YouWontLikeMeWh: No
(64:32 / All) OhHoney: We're both sitting pretty right about now
(64:38 / All) GEE-Q: huh
(64:47 / All) OhHoney: How are we losers we got complete control?
(64:51 / All) OhHoney: Seems to me you are the loser
(64:58 / All) GEE-Q: lol control>
(64:59 / All) OhHoney: since we can make you loser pretty easy, sir
(65:01 / All) GEE-Q: wow dude
(65:09 / All) GEE-Q: your brainwashed
(65:11 / All) OhHoney: If we want we can make you the loser
(65:16 / All) GEE-Q: lol
(65:17 / All) GEE-Q: really
(65:17 / All) OhHoney: How do you mean by that sir
(65:28 / All) GEE-Q: i play this game once a month maybe
(65:38 / All) YouWontLikeMeWh: We don't play that much either
(65:40 / All) GEE-Q: idc about the game
(65:44 / All) YouWontLikeMeWh: Time played != skill
(65:53 / All) GEE-Q: lol
(65:59 / All) GEE-Q: dude you guys are so weird
(66:04 / All) GEE-Q: just a reality check
(66:33 / All) GEE-Q: stop doing this crap and do something besides this seriously
(66:39 / All) YouWontLikeMeWh: I do stuff other than this
(66:42 / All) GEE-Q: its sad that your defending yourself on a video game
(66:43 / All) GEE-Q: lol
(66:44 / All) YouWontLikeMeWh: What makes you think I don't?
(66:45 / All) GEE-Q: clearly
(67:11 / All) OhHoney: lawls
(67:22 / All) YouWontLikeMeWh: I bet you expected me to altqq
(67:27 / All) OhHoney: yeah so I tped lol
(67:33 / All) OhHoney: I just wanted to do that
(68:12 / All) OhHoney: stand off complete on your side?
(68:17 / All) YouWontLikeMeWh: Yeah
(68:23 / All) YouWontLikeMeWh: Just gonna kill my stuff in a sec
(68:48 / All) OhHoney: you would have won that battle too probably
(68:51 / All) OhHoney: since you had more dhawks
(69:02 / All) YouWontLikeMeWh: Yeah I had 90 food or something
(69:06 / All) YouWontLikeMeWh: No income so no reason not to
(69:08 / All) OhHoney: I had 99 food
(69:14 / All) OhHoney: but I still got 10 peasants
(69:15 / All) OhHoney: 3 sorcs
(69:21 / All) YouWontLikeMeWh: My composition was better vs air
(69:24 / All) OhHoney: yeah
(69:26 / All) YouWontLikeMeWh: Went mostly dhawk since all anybody has was air
(69:40 / All) OhHoney: If I wanted to I could have killed the griffs and got nothing but dhawks
(70:26 / All) YouWontLikeMeWh: I only have 296 gold, lowest I have ever ended it with I think
(70:39 / All) OhHoney: about 15k here
(70:49 / All) YouWontLikeMeWh: I only had my main and my expo all game
(70:56 / All) YouWontLikeMeWh: well, and a 2k gold expo at high upkeep I guess
(71:12 / All) GEE-Q: lol you guys are still here
(71:13 / All) YouWontLikeMeWh: wonder if my MK will die to this war golem or not
(71:20 / All) GEE-Q: what are doing
(71:21 / All) GEE-Q: lol
(71:23 / All) OhHoney: Your point?
(71:24 / All) YouWontLikeMeWh: we're killing our last stuff to make the standoff complete sir
(71:28 / All) YouWontLikeMeWh: so it's equal chances all over
(71:28 / All) OhHoney: We sir, are having fun
(71:45 / All) GEE-Q: thats sad
(71:49 / All) OhHoney: How so?
(71:59 / All) GEE-Q: lol its terribly sad
(72:06 / All) OhHoney: i don't follow
(72:07 / All) GEE-Q: if you dont think it is
(72:09 / All) GEE-Q: thats fucked up
(72:14 / All) YouWontLikeMeWh: Having fun is depressing. I agree, you are a scholar, and equal to Socrates.
(72:24 / All) GEE-Q: this is fun for you
(72:26 / All) GEE-Q: lol
(72:31 / All) OhHoney: Aye4
(72:35 / All) OhHoney: Hence why we play the game
(73:03 / All) GEE-Q: no you guys were playing
(73:10 / All) GEE-Q: now youre a waste of life
(73:15 / All) YouWontLikeMeWh: :(
(73:16 / All) OhHoney: still playing sir
(73:26 / All) GEE-Q: with yourself
(73:28 / All) GEE-Q: sinner
(73:35 / All) OhHoney: Not yet
(73:37 / All) YouWontLikeMeWh: My side is complete. Upload yours on highper.ch instead, my side sucked. awful chat, basically nothing all game
(75:26 / All) YouWontLikeMeWh: kill it with flamestrike imo
(75:33 / All) YouWontLikeMeWh: I was going to do that but forgot to
(75:39 / All) OhHoney: lol
(75:44 / All) YouWontLikeMeWh: Good luck everyone